[ AOE2 MATCH · #460705893 ]
Team RMAztecs vs Bohemians
[ REPLAY ANALYSIS · EXTRACTED FROM THE RECORDED GAME ]
Feudal
12:39
Castle
16:28
Imperial
42:49
| APM avg | 31.3 |
| APM peak | 83 |
| eAPM avg | 19.9 |
| Villagers / military | 135 / 75 |
Focus
⚔️ 16.6% · 🌾 83.4%
Jaguar Warrior ×40 · Spearman ×32 · Eagle Scout ×3
Feudal
10:11
Castle
15:11
Imperial
31:53
| APM avg | 34.9 |
| APM peak | 93 |
| eAPM avg | 28.4 |
| Villagers / military | 162 / 420 |
Focus
⚔️ 55.2% · 🌾 44.8%
Tarkan ×275 · Scout Cavalry ×145
Feudal
10:39
Castle
16:51
Imperial
31:35
| APM avg | 17.7 |
| APM peak | 43 |
| eAPM avg | 11.9 |
| Villagers / military | 127 / 120 |
Focus
⚔️ 24.9% · 🌾 75.1%
Spearman ×97 · Hussite Wagon ×12 · Bombard Cannon ×10 · Mangonel ×1
Feudal
10:31
Castle
22:46
Imperial
38:29
| APM avg | 31.9 |
| APM peak | 47 |
| eAPM avg | 18.9 |
| Villagers / military | 101 / 69 |
Focus
⚔️ 15.6% · 🌾 84.4%
Mangudai ×27 · Steppe Lancer ×24 · Scout Cavalry ×18 · Trade Cart ×13
Feudal
12:09
Castle
16:29
Imperial
34:31
| APM avg | 21.1 |
| APM peak | 41 |
| eAPM avg | 13.8 |
| Villagers / military | 145 / 93 |
Focus
⚔️ 29.5% · 🌾 70.5%
Kamayuk ×71 · Spearman ×22
Feudal
10:32
Castle
16:57
Imperial
31:19
| APM avg | 25.3 |
| APM peak | 59 |
| eAPM avg | 16.3 |
| Villagers / military | 136 / 116 |
Focus
⚔️ 17.4% · 🌾 82.6%
Hand Cannoneer ×90 · Genoese Crossbowman ×14 · Bombard Cannon ×5 · Spearman ×4 · Trebuchet (Packed) ×2 · Mangonel ×1
Feudal
12:58
Castle
16:37
Imperial
30:26
| APM avg | 38.4 |
| APM peak | 64 |
| eAPM avg | 23.4 |
| Villagers / military | 166 / 228 |
Focus
⚔️ 26.9% · 🌾 73.1%
Militia ×121 · Spearman ×91 · Battering Ram ×8 · Archer ×5 · Monk ×3
Feudal
10:57
Castle
15:16
Imperial
39:02
| APM avg | 35.4 |
| APM peak | 109 |
| eAPM avg | 14.7 |
| Villagers / military | 189 / 97 |
Focus
⚔️ 20.6% · 🌾 79.4%
Knight ×96 · Monk ×1
Match map
Initial resources + every placement click. Lines = walls · curves = elevation contours. ◆ gold · ⬟ stone · ● berries · ✦ relic · ◌ wall gap
Your base· ✓ Closed at 16:28 · 0t walls · 3 gate(s)
Timbor's base· ✓ Closed at 15:11 · 0t walls · 3 gate(s)
ExDictador Nicolas Maduro's base· ✓ Closed at 16:51 · 0t walls · 3 gate(s)
oZymandias's base· ✓ Closed at 22:46 · 22t walls · 4 gate(s)
Papi Neyskill's base· ✓ Closed at 16:29 · 0t walls · 2 gate(s)
tortodde's base· ✓ Closed at 16:57 · 0t walls · 2 gate(s)
LNZ's base· ✓ Closed at 16:37 · 0t walls · 3 gate(s)
LIGHTYRIX's base· ✓ Closed at 15:16 · 0t walls · 2 gate(s)
Smoothed initial terrain · ◌ = detected wall gap · hover for details
Inputs per minute
— Venom SJO - - Timbor
Build order — Venom SJO
First 150 of 337 actions detected
| 0:00 | Create | Villager (Male) |
| 0:01 | Create | Villager (Male) |
| 0:01 | Create | Villager (Male) |
| 0:01 | Create | Villager (Male) |
| 0:02 | Build | House |
| 0:06 | Build | House |
| 1:23 | Create | Villager (Male) |
| 1:23 | Create | Villager (Male) |
| 1:47 | Build | Lumber Camp |
| 2:11 | Create | Villager (Male) |
| 2:13 | Create | Villager (Male) |
| 2:13 | Create | Villager (Male) |
| 2:57 | Create | Villager (Male) |
| 2:57 | Create | Villager (Male) |
| 3:02 | Create | Villager (Male) |
| 3:40 | Create | Villager (Male) |
| 3:41 | Create | Villager (Male) |
| 3:44 | Build | Mill |
| 4:15 | Create | Villager (Male) |
| 4:16 | Create | Villager (Male) |
| 4:56 | Build | House |
| 5:00 | Research | Loom |
| 5:00 | Create | Villager (Male) |
| 5:03 | Create | Villager (Male) |
| 5:11 | Create | Villager (Male) |
| 5:35 | Build | House |
| 5:39 | Create | Villager (Male) |
| 6:31 | Create | Villager (Male) |
| 7:06 | Create | Villager (Male) |
| 7:41 | Build | Mining Camp |
| 7:44 | Create | Villager (Male) |
| 8:08 | Create | Villager (Male) |
| 8:21 | Build | House |
| 8:23 | Create | Villager (Male) |
| 8:26 | Build | Mining Camp |
| 8:52 | Create | Villager (Male) |
| 9:39 | Create | Villager (Male) |
| 9:39 | Create | Villager (Male) |
| 9:42 | Research | Feudal Age |
| 11:20 | Create | Villager (Male) |
| 11:20 | Create | Villager (Male) |
| 11:31 | Build | Farm |
| 11:36 | Build | Farm |
| 12:39 | Age | Feudal Age |
| 12:42 | Build | Market |
| 12:49 | Build | Blacksmith |
| 13:48 | Research | Castle Age |
| 14:16 | Create | Villager (Male) |
| 14:16 | Create | Villager (Male) |
| 14:34 | Build | Farm |
| 14:36 | Build | Farm |
| 14:52 | Research | Double-Bit Axe |
| 15:32 | Create | Villager (Male) |
| 16:03 | Create | Villager (Male) |
| 16:28 | Age | Castle Age |
| 16:40 | Create | Villager (Male) |
| 16:54 | Build | Castle |
| 17:02 | Build | Palisade Wall |
| 17:11 | Build | Palisade Wall |
| 17:15 | Build | Palisade Wall |
| 17:19 | Build | Palisade Wall |
| 17:23 | Build | Palisade Wall |
| 17:24 | Build | Palisade Wall |
| 17:28 | Build | Palisade Wall |
| 17:38 | Build | Palisade Wall |
| 17:47 | Create | Villager (Male) |
| 17:56 | Build | Farm |
| 17:57 | Build | Farm |
| 17:58 | Build | Farm |
| 18:17 | Build | Farm |
| 18:22 | Create | Villager (Male) |
| 18:29 | Build | Town Center |
| 18:32 | Build | Town Center |
| 18:40 | Build | Barracks |
| 19:11 | Build | Stone Wall |
| 19:19 | Create | Villager (Male) |
| 19:26 | Build | Farm |
| 19:27 | Build | Farm |
| 19:28 | Build | Farm |
| 20:04 | Build | Stone Wall |
| 20:16 | Research | Scale Mail Armor |
| 20:29 | Create | Villager (Male) |
| 20:29 | Create | Villager (Male) |
| 20:29 | Create | Villager (Male) |
| 20:29 | Create | Villager (Male) |
| 20:31 | Create | Villager (Male) |
| 20:31 | Create | Villager (Male) |
| 20:39 | Build | Farm |
| 20:45 | Build | Farm |
| 21:03 | Build | Farm |
| 21:15 | Create | Spearman |
| 21:15 | Create | Spearman |
| 21:26 | Build | Farm |
| 21:28 | Create | Spearman |
| 21:38 | Create | Villager (Male) |
| 21:38 | Create | Villager (Male) |
| 21:38 | Create | Villager (Male) |
| 22:11 | Research | Gold Mining |
| 22:19 | Create | Spearman |
| 22:25 | Build | House |
| 22:28 | Build | House |
| 22:29 | Build | House |
| 22:48 | Create | Spearman |
| 23:04 | Research | Forging |
| 23:06 | Create | Villager (Male) |
| 23:06 | Create | Villager (Male) |
| 23:14 | Create | Villager (Male) |
| 23:14 | Create | Villager (Male) |
| 23:15 | Create | Villager (Male) |
| 23:15 | Create | Villager (Male) |
| 23:20 | Build | House |
| 23:20 | Build | House |
| 23:20 | Build | House |
| 23:20 | Build | House |
| 23:25 | Build | Farm |
| 23:27 | Build | Farm |
| 23:34 | Build | Farm |
| 23:35 | Create | Spearman |
| 23:53 | Create | Villager (Male) |
| 23:54 | Create | Villager (Male) |
| 23:54 | Create | Villager (Male) |
| 23:57 | Create | Villager (Male) |
| 23:58 | Create | Villager (Male) |
| 23:58 | Create | Villager (Male) |
| 24:06 | Create | Spearman |
| 24:21 | Create | Villager (Male) |
| 24:22 | Create | Villager (Male) |
| 24:26 | Build | House |
| 24:26 | Build | House |
| 25:06 | Build | Stone Wall |
| 25:13 | Create | Spearman |
| 25:14 | Create | Spearman |
| 25:21 | Build | Mill |
| 25:23 | Build | Farm |
| 25:24 | Build | Farm |
| 25:24 | Build | Farm |
| 25:24 | Build | Farm |
| 25:24 | Build | Farm |
| 25:33 | Build | Barracks |
| 25:51 | Create | Villager (Male) |
| 25:52 | Create | Villager (Male) |
| 25:52 | Create | Villager (Male) |
| 25:52 | Create | Villager (Male) |
| 26:02 | Research | Chain Mail Armor |
| 26:04 | Create | Villager (Male) |
| 26:05 | Create | Villager (Male) |
| 26:05 | Create | Villager (Male) |
| 26:10 | Build | Farm |
| 26:11 | Build | Farm |
| 26:23 | Build | Farm |
Build order — Timbor
First 150 of 716 actions detected
| 0:02 | Create | Villager (Male) |
| 0:02 | Create | Villager (Male) |
| 0:02 | Create | Villager (Male) |
| 0:03 | Create | Villager (Male) |
| 0:03 | Create | Villager (Male) |
| 1:37 | Create | Villager (Male) |
| 1:37 | Create | Villager (Male) |
| 1:46 | Create | Villager (Male) |
| 2:06 | Create | Villager (Male) |
| 2:07 | Create | Villager (Male) |
| 2:33 | Create | Villager (Male) |
| 2:33 | Create | Villager (Male) |
| 2:52 | Create | Villager (Male) |
| 2:52 | Create | Villager (Male) |
| 3:09 | Create | Villager (Male) |
| 3:10 | Create | Villager (Male) |
| 3:32 | Create | Villager (Male) |
| 3:33 | Create | Villager (Male) |
| 3:56 | Build | Mill |
| 4:08 | Create | Villager (Male) |
| 4:09 | Create | Villager (Male) |
| 4:26 | Create | Villager (Male) |
| 4:26 | Create | Villager (Male) |
| 4:47 | Build | Farm |
| 4:49 | Build | Farm |
| 5:01 | Create | Villager (Male) |
| 5:01 | Create | Villager (Male) |
| 5:04 | Create | Villager (Male) |
| 5:04 | Create | Villager (Male) |
| 5:13 | Build | Farm |
| 5:28 | Create | Villager (Male) |
| 5:29 | Create | Villager (Male) |
| 5:43 | Create | Villager (Male) |
| 6:03 | Create | Villager (Male) |
| 6:04 | Create | Villager (Male) |
| 6:28 | Build | Lumber Camp |
| 7:28 | Create | Villager (Male) |
| 7:42 | Create | Villager (Male) |
| 8:01 | Research | Feudal Age |
| 9:57 | Create | Villager (Male) |
| 9:57 | Create | Villager (Male) |
| 10:11 | Age | Feudal Age |
| 11:03 | Build | Market |
| 11:05 | Build | Blacksmith |
| 11:09 | Create | Villager (Male) |
| 11:35 | Create | Villager (Male) |
| 12:31 | Research | Castle Age |
| 12:31 | Research | Castle Age |
| 12:36 | Research | Double-Bit Axe |
| 12:38 | Research | Horse Collar |
| 12:39 | Research | Horse Collar |
| 15:11 | Age | Castle Age |
| 15:18 | Build | Town Center |
| 15:27 | Create | Villager (Male) |
| 15:29 | Research | Heavy Plow |
| 15:30 | Research | Bow Saw |
| 15:33 | Create | Villager (Male) |
| 15:46 | Build | Town Center |
| 15:49 | Create | Villager (Male) |
| 16:04 | Create | Villager (Male) |
| 16:07 | Build | Farm |
| 16:11 | Build | Farm |
| 16:12 | Build | Farm |
| 16:14 | Build | Farm |
| 16:15 | Build | Farm |
| 16:18 | Build | Farm |
| 16:19 | Build | Farm |
| 16:34 | Build | Farm |
| 16:36 | Build | Farm |
| 16:39 | Build | Farm |
| 16:42 | Build | Farm |
| 16:46 | Create | Villager (Male) |
| 16:48 | Create | Villager (Male) |
| 16:59 | Create | Villager (Male) |
| 17:01 | Build | Farm |
| 17:07 | Research | Wheelbarrow |
| 17:24 | Build | Farm |
| 17:30 | Build | Farm |
| 17:32 | Create | Villager (Male) |
| 17:33 | Create | Villager (Male) |
| 17:37 | Build | Farm |
| 17:44 | Create | Villager (Male) |
| 17:47 | Build | Farm |
| 17:57 | Build | Farm |
| 18:06 | Create | Villager (Male) |
| 18:06 | Create | Villager (Male) |
| 18:09 | Build | Farm |
| 18:18 | Build | Farm |
| 18:19 | Create | Villager (Male) |
| 18:19 | Create | Villager (Male) |
| 18:32 | Build | Farm |
| 18:33 | Create | Villager (Male) |
| 18:33 | Create | Villager (Male) |
| 18:43 | Create | Villager (Male) |
| 18:43 | Create | Villager (Male) |
| 18:53 | Build | Farm |
| 18:54 | Create | Villager (Male) |
| 19:02 | Create | Villager (Male) |
| 19:14 | Create | Villager (Male) |
| 19:20 | Create | Villager (Male) |
| 19:26 | Create | Villager (Male) |
| 19:38 | Build | Town Center |
| 19:40 | Create | Villager (Male) |
| 19:42 | Create | Villager (Male) |
| 19:52 | Create | Villager (Male) |
| 19:57 | Build | Farm |
| 19:59 | Create | Villager (Male) |
| 20:02 | Build | Farm |
| 20:10 | Create | Villager (Male) |
| 20:11 | Create | Villager (Male) |
| 20:16 | Build | Farm |
| 20:19 | Create | Villager (Male) |
| 20:35 | Create | Villager (Male) |
| 20:38 | Create | Villager (Male) |
| 20:45 | Create | Villager (Male) |
| 20:57 | Create | Villager (Male) |
| 21:04 | Build | Town Center |
| 21:06 | Create | Villager (Male) |
| 21:15 | Build | Farm |
| 21:18 | Build | Farm |
| 21:20 | Build | Farm |
| 21:21 | Create | Villager (Male) |
| 21:24 | Build | Farm |
| 21:25 | Create | Villager (Male) |
| 21:30 | Build | Farm |
| 21:32 | Create | Villager (Male) |
| 21:34 | Create | Villager (Male) |
| 21:35 | Create | Villager (Male) |
| 21:37 | Create | Villager (Male) |
| 21:48 | Create | Villager (Male) |
| 21:56 | Build | Farm |
| 22:04 | Build | Farm |
| 22:04 | Create | Villager (Male) |
| 22:08 | Create | Villager (Male) |
| 22:14 | Create | Villager (Male) |
| 22:20 | Build | Farm |
| 22:21 | Build | Farm |
| 22:27 | Research | Hand Cart |
| 22:27 | Research | Hand Cart |
| 22:27 | Research | Hand Cart |
| 22:30 | Research | Loom |
| 22:33 | Create | Villager (Male) |
| 22:40 | Build | Farm |
| 22:41 | Build | Farm |
| 22:46 | Create | Villager (Male) |
| 22:50 | Build | Farm |
| 22:53 | Build | Farm |
| 22:54 | Create | Villager (Male) |
| 22:56 | Create | Villager (Male) |
| 22:58 | Create | Villager (Male) |
Build order — ExDictador Nicolas Maduro
First 150 of 304 actions detected
| 0:02 | Create | Villager (Male) |
| 0:02 | Create | Villager (Male) |
| 0:02 | Create | Villager (Male) |
| 0:02 | Create | Villager (Male) |
| 0:05 | Build | House |
| 0:07 | Build | House |
| 0:54 | Research | Loom |
| 0:56 | Create | Villager (Male) |
| 1:54 | Create | Villager (Male) |
| 1:54 | Create | Villager (Male) |
| 2:10 | Create | Villager (Male) |
| 2:25 | Create | Villager (Male) |
| 2:25 | Create | Villager (Male) |
| 2:48 | Build | Lumber Camp |
| 3:19 | Create | Villager (Male) |
| 3:19 | Create | Villager (Male) |
| 3:24 | Build | House |
| 3:25 | Build | House |
| 3:31 | Build | House |
| 3:33 | Build | House |
| 3:50 | Create | Villager (Male) |
| 4:31 | Create | Villager (Male) |
| 4:31 | Create | Villager (Male) |
| 4:31 | Create | Villager (Male) |
| 4:47 | Create | Villager (Male) |
| 4:47 | Create | Villager (Male) |
| 5:15 | Create | Villager (Male) |
| 5:15 | Create | Villager (Male) |
| 6:02 | Build | Mill |
| 6:16 | Create | Villager (Male) |
| 6:16 | Create | Villager (Male) |
| 6:16 | Create | Villager (Male) |
| 7:12 | Build | Mining Camp |
| 7:38 | Create | Villager (Male) |
| 8:04 | Create | Villager (Male) |
| 8:28 | Research | Feudal Age |
| 8:28 | Research | Feudal Age |
| 8:51 | Build | Mill |
| 9:10 | Build | House |
| 9:22 | Create | Villager (Male) |
| 9:36 | Build | Farm |
| 9:40 | Build | Farm |
| 10:39 | Age | Feudal Age |
| 10:41 | Create | Villager (Male) |
| 10:41 | Create | Villager (Male) |
| 10:42 | Research | Double-Bit Axe |
| 10:50 | Build | Blacksmith |
| 10:54 | Build | Market |
| 11:00 | Create | Villager (Male) |
| 11:00 | Create | Villager (Male) |
| 12:34 | Build | Barracks |
| 12:39 | Create | Villager (Male) |
| 13:46 | Create | Villager (Male) |
| 13:46 | Create | Villager (Male) |
| 13:48 | Research | Castle Age |
| 14:13 | Build | Mining Camp |
| 14:41 | Build | Barracks |
| 14:58 | Build | Lumber Camp |
| 15:37 | Research | Horse Collar |
| 15:45 | Build | House |
| 15:46 | Build | House |
| 16:51 | Age | Castle Age |
| 16:53 | Create | Villager (Male) |
| 16:53 | Create | Villager (Male) |
| 16:53 | Create | Villager (Male) |
| 16:53 | Create | Villager (Male) |
| 16:53 | Create | Villager (Male) |
| 16:54 | Create | Villager (Male) |
| 16:54 | Create | Villager (Male) |
| 17:42 | Build | Castle |
| 18:07 | Create | Villager (Male) |
| 18:07 | Create | Villager (Male) |
| 18:07 | Create | Villager (Male) |
| 18:15 | Build | Farm |
| 18:16 | Build | Farm |
| 18:16 | Build | Farm |
| 18:16 | Build | Farm |
| 18:23 | Build | Farm |
| 18:23 | Build | Farm |
| 18:23 | Build | Farm |
| 18:24 | Build | Farm |
| 18:24 | Build | Farm |
| 18:44 | Build | Town Center |
| 19:02 | Create | Villager (Male) |
| 19:27 | Build | House |
| 19:27 | Build | House |
| 19:41 | Build | Farm |
| 19:41 | Build | Farm |
| 19:49 | Create | Villager (Male) |
| 19:49 | Create | Villager (Male) |
| 19:50 | Create | Villager (Male) |
| 20:18 | Create | Hussite Wagon |
| 20:24 | Create | Spearman |
| 20:28 | Create | Villager (Male) |
| 20:29 | Create | Villager (Male) |
| 20:39 | Build | House |
| 20:40 | Build | House |
| 21:20 | Create | Villager (Male) |
| 21:20 | Create | Villager (Male) |
| 21:20 | Create | Villager (Male) |
| 21:21 | Create | Villager (Male) |
| 21:21 | Create | Villager (Male) |
| 21:30 | Research | Wheelbarrow |
| 21:39 | Create | Villager (Male) |
| 21:49 | Build | Farm |
| 21:49 | Build | Farm |
| 21:49 | Build | Farm |
| 21:50 | Build | Farm |
| 21:50 | Build | Farm |
| 21:50 | Build | Farm |
| 21:51 | Build | Farm |
| 21:52 | Build | Farm |
| 21:53 | Build | Farm |
| 21:54 | Build | Farm |
| 21:54 | Build | Farm |
| 21:54 | Build | Farm |
| 21:54 | Build | Farm |
| 21:55 | Build | Farm |
| 22:01 | Create | Villager (Male) |
| 22:01 | Create | Villager (Male) |
| 22:02 | Create | Villager (Male) |
| 22:02 | Create | Villager (Male) |
| 22:40 | Build | Siege Workshop |
| 22:45 | Create | Villager (Male) |
| 22:45 | Create | Villager (Male) |
| 23:23 | Create | Villager (Male) |
| 23:24 | Create | Villager (Male) |
| 23:25 | Create | Villager (Male) |
| 23:53 | Create | Mangonel |
| 23:59 | Create | Villager (Male) |
| 24:00 | Create | Villager (Male) |
| 24:00 | Create | Villager (Male) |
| 24:01 | Create | Villager (Male) |
| 24:01 | Create | Villager (Male) |
| 24:17 | Build | Farm |
| 24:17 | Build | Farm |
| 24:18 | Build | Farm |
| 24:18 | Build | Farm |
| 24:18 | Build | Farm |
| 24:18 | Build | Farm |
| 24:19 | Build | Farm |
| 24:19 | Build | Farm |
| 24:27 | Create | Villager (Male) |
| 24:28 | Create | Villager (Male) |
| 24:59 | Create | Villager (Male) |
| 25:00 | Create | Villager (Male) |
| 25:14 | Create | Villager (Male) |
| 25:15 | Create | Villager (Male) |
| 25:29 | Build | Town Center |
| 25:43 | Build | Monastery |
Build order — oZymandias
First 150 of 325 actions detected
| 0:07 | Build | House |
| 0:08 | Build | House |
| 0:18 | Create | Villager (Male) ×4 |
| 0:18 | Research | Loom |
| 1:53 | Create | Villager (Male) |
| 1:54 | Create | Villager (Male) |
| 2:30 | Create | Villager (Male) |
| 2:39 | Create | Villager (Male) |
| 2:39 | Create | Villager (Male) |
| 3:18 | Create | Villager (Male) |
| 3:19 | Create | Villager (Male) |
| 3:36 | Create | Villager (Male) |
| 3:36 | Create | Villager (Male) |
| 3:41 | Build | Lumber Camp |
| 4:11 | Create | Villager (Male) |
| 4:19 | Create | Villager (Male) |
| 4:19 | Create | Villager (Male) |
| 4:34 | Build | House |
| 4:35 | Build | House |
| 4:45 | Create | Villager (Male) |
| 5:22 | Create | Villager (Male) |
| 5:51 | Create | Villager (Male) |
| 6:19 | Create | Villager (Male) |
| 6:19 | Create | Villager (Male) |
| 6:27 | Create | Villager (Male) |
| 6:32 | Build | House |
| 6:40 | Build | Mill |
| 6:43 | Create | Villager (Male) |
| 6:43 | Create | Villager (Male) |
| 8:21 | Research | Feudal Age |
| 8:21 | Research | Feudal Age |
| 9:25 | Build | Barracks |
| 9:47 | Build | House |
| 9:53 | Build | Palisade Gate |
| 10:11 | Build | Lumber Camp |
| 10:31 | Age | Feudal Age |
| 10:34 | Build | Stable |
| 10:36 | Research | Town Watch |
| 10:37 | Create | Villager (Male) |
| 10:37 | Create | Villager (Male) |
| 10:43 | Research | Horse Collar |
| 10:57 | Create | Villager (Male) |
| 11:17 | Create | Scout Cavalry |
| 11:17 | Create | Scout Cavalry |
| 11:26 | Build | Farm |
| 11:27 | Build | Farm |
| 11:31 | Build | Farm |
| 11:33 | Create | Villager (Male) |
| 12:09 | Create | Scout Cavalry |
| 12:27 | Build | House |
| 12:29 | Create | Villager (Male) |
| 12:34 | Build | Farm |
| 12:35 | Build | Farm |
| 12:38 | Create | Villager (Male) |
| 12:45 | Build | Outpost |
| 12:49 | Create | Scout Cavalry |
| 12:56 | Build | Farm |
| 13:13 | Create | Scout Cavalry |
| 13:23 | Build | Outpost |
| 13:26 | Build | House |
| 13:28 | Build | House |
| 13:34 | Create | Villager (Male) |
| 13:34 | Create | Villager (Male) |
| 13:50 | Build | Farm |
| 13:51 | Build | Farm |
| 13:55 | Create | Villager (Male) |
| 14:23 | Build | Farm |
| 14:25 | Create | Villager (Male) |
| 14:25 | Create | Villager (Male) |
| 14:31 | Build | Farm |
| 14:32 | Build | Farm |
| 14:33 | Build | Farm |
| 14:48 | Build | Outpost |
| 14:55 | Create | Villager (Male) |
| 14:55 | Create | Villager (Male) |
| 14:59 | Create | Scout Cavalry |
| 14:59 | Create | Scout Cavalry |
| 15:20 | Create | Scout Cavalry |
| 15:25 | Build | Farm |
| 15:26 | Build | Farm |
| 15:31 | Create | Villager (Male) |
| 15:38 | Research | Double-Bit Axe |
| 15:43 | Create | Scout Cavalry |
| 15:50 | Build | Farm |
| 16:06 | Create | Scout Cavalry |
| 16:12 | Build | Mining Camp |
| 16:17 | Create | Villager (Male) |
| 16:47 | Build | Mining Camp |
| 16:59 | Create | Villager (Male) |
| 17:05 | Build | House |
| 17:06 | Build | House |
| 17:07 | Build | House |
| 17:30 | Create | Villager (Male) |
| 17:42 | Build | Blacksmith |
| 17:47 | Create | Villager (Male) |
| 18:21 | Build | Stone Wall |
| 18:35 | Build | Market |
| 18:37 | Create | Villager (Male) |
| 19:00 | Create | Villager (Male) |
| 19:09 | Build | Farm |
| 19:16 | Build | Stable |
| 19:24 | Create | Villager (Male) |
| 19:30 | Create | Trade Cart |
| 19:49 | Build | Gate |
| 20:06 | Research | Castle Age |
| 20:32 | Build | Outpost |
| 20:40 | Build | Stone Wall |
| 20:47 | Create | Trade Cart |
| 20:53 | Create | Scout Cavalry |
| 21:02 | Create | Trade Cart |
| 21:08 | Build | Farm |
| 21:09 | Build | Farm |
| 21:19 | Create | Scout Cavalry |
| 21:32 | Build | House |
| 21:32 | Build | House |
| 21:43 | Create | Trade Cart |
| 22:23 | Build | House |
| 22:24 | Build | House |
| 22:33 | Build | Farm |
| 22:37 | Research | Bloodlines |
| 22:46 | Age | Castle Age |
| 22:53 | Create | Villager (Male) |
| 22:54 | Create | Villager (Male) |
| 22:54 | Create | Villager (Male) |
| 22:59 | Research | Scale Barding Armor |
| 23:02 | Research | Light Cavalry (upgrade) |
| 23:04 | Create | Villager (Male) |
| 23:05 | Create | Villager (Male) |
| 23:09 | Build | Town Center |
| 23:35 | Create | Steppe Lancer |
| 23:42 | Create | Villager (Male) |
| 23:55 | Build | Town Center |
| 23:58 | Create | Villager (Male) |
| 24:02 | Research | Wheelbarrow |
| 24:06 | Create | Steppe Lancer |
| 24:08 | Create | Villager (Male) |
| 24:15 | Create | Villager (Male) |
| 24:18 | Research | Gold Mining |
| 24:26 | Build | Farm |
| 24:28 | Build | Farm |
| 24:49 | Create | Steppe Lancer |
| 24:49 | Create | Steppe Lancer |
| 25:03 | Create | Villager (Male) |
| 25:12 | Build | Farm |
| 25:13 | Build | Farm |
| 25:23 | Create | Steppe Lancer |
| 25:23 | Create | Steppe Lancer |
| 25:46 | Build | Outpost |
| 25:50 | Create | Villager (Male) |
| 25:53 | Create | Steppe Lancer |
Build order — Papi Neyskill
First 150 of 278 actions detected
| 0:02 | Create | Villager (Male) ×4 |
| 0:02 | Create | Villager (Male) ×4 |
| 0:06 | Build | House |
| 0:08 | Build | House |
| 0:10 | Build | House |
| 1:26 | Create | Villager (Male) |
| 1:27 | Create | Villager (Male) |
| 2:07 | Create | Villager (Male) |
| 2:07 | Create | Villager (Male) |
| 2:15 | Create | Villager (Male) |
| 2:15 | Create | Villager (Male) |
| 3:03 | Create | Villager (Male) |
| 3:03 | Create | Villager (Male) |
| 3:14 | Create | Villager (Male) |
| 3:15 | Create | Villager (Male) |
| 3:44 | Create | Villager (Male) |
| 3:44 | Create | Villager (Male) |
| 3:48 | Build | Settlement |
| 4:06 | Create | Villager (Male) |
| 4:06 | Create | Villager (Male) |
| 4:36 | Create | Villager (Male) |
| 5:05 | Create | Villager (Male) |
| 5:05 | Create | Villager (Male) |
| 5:32 | Create | Villager (Male) |
| 5:32 | Create | Villager (Male) |
| 6:01 | Create | Villager (Male) |
| 6:02 | Create | Villager (Male) |
| 6:50 | Create | Villager (Male) |
| 6:58 | Create | Villager (Male) |
| 7:16 | Create | Villager (Male) |
| 7:34 | Create | Villager (Male) |
| 8:06 | Build | Settlement |
| 8:22 | Create | Villager (Male) |
| 8:38 | Create | Villager (Male) |
| 8:55 | Create | Villager (Male) |
| 9:09 | Create | Villager (Male) |
| 9:52 | Build | Farm |
| 9:52 | Build | Farm |
| 9:53 | Build | Farm |
| 9:53 | Build | Farm |
| 9:53 | Build | Farm |
| 9:53 | Build | Farm |
| 9:54 | Build | Farm |
| 9:54 | Build | Farm |
| 9:54 | Build | Farm |
| 9:54 | Build | Farm |
| 9:59 | Research | Feudal Age |
| 9:59 | Research | Feudal Age |
| 9:59 | Research | Feudal Age |
| 10:36 | Create | Villager (Male) |
| 11:15 | Create | Villager (Male) |
| 11:16 | Create | Villager (Male) |
| 11:34 | Create | Villager (Male) |
| 12:09 | Age | Feudal Age |
| 12:12 | Build | Barracks |
| 12:16 | Research | Double-Bit Axe |
| 12:39 | Build | Blacksmith |
| 13:27 | Build | Archery Range |
| 13:47 | Research | Castle Age |
| 13:47 | Research | Castle Age |
| 13:59 | Research | Stone Mining |
| 14:08 | Create | Villager (Male) |
| 14:57 | Research | Horse Collar |
| 15:13 | Create | Spearman |
| 15:13 | Create | Spearman |
| 16:25 | Create | Villager (Male) |
| 16:25 | Create | Villager (Male) |
| 16:29 | Create | Villager (Male) |
| 16:29 | Age | Castle Age |
| 16:33 | Build | Town Center |
| 16:39 | Research | Bow Saw |
| 17:07 | Research | Gold Mining |
| 17:42 | Create | Villager (Male) |
| 18:03 | Build | Farm |
| 18:03 | Build | Farm |
| 18:04 | Build | Farm |
| 18:05 | Build | Farm |
| 18:19 | Create | Villager (Male) |
| 18:20 | Create | Villager (Male) |
| 18:20 | Create | Villager (Male) |
| 18:28 | Create | Villager (Male) |
| 18:51 | Build | Castle |
| 18:54 | Create | Villager (Male) |
| 18:54 | Create | Villager (Male) |
| 18:55 | Create | Villager (Male) |
| 19:14 | Create | Villager (Male) |
| 19:15 | Create | Villager (Male) |
| 19:26 | Create | Villager (Male) |
| 19:27 | Create | Villager (Male) |
| 19:43 | Create | Villager (Male) |
| 19:43 | Create | Villager (Male) |
| 19:46 | Build | Town Center |
| 20:00 | Create | Villager (Male) |
| 20:00 | Create | Villager (Male) |
| 20:00 | Create | Villager (Male) |
| 20:05 | Create | Villager (Male) |
| 20:05 | Create | Villager (Male) |
| 20:15 | Create | Villager (Male) |
| 20:16 | Create | Villager (Male) |
| 20:33 | Create | Kamayuk |
| 20:34 | Create | Kamayuk |
| 20:44 | Create | Villager (Male) |
| 20:44 | Create | Villager (Male) |
| 20:56 | Create | Villager (Male) |
| 20:56 | Create | Villager (Male) |
| 20:56 | Create | Villager (Male) |
| 21:14 | Create | Villager (Male) |
| 21:18 | Build | Farm |
| 21:21 | Create | Villager (Male) |
| 21:30 | Create | Villager (Male) |
| 21:30 | Create | Villager (Male) |
| 21:46 | Create | Kamayuk ×2 |
| 21:46 | Create | Kamayuk ×2 |
| 21:54 | Create | Villager (Male) |
| 21:54 | Create | Villager (Male) |
| 22:20 | Create | Kamayuk |
| 22:20 | Create | Kamayuk |
| 22:24 | Create | Villager (Male) |
| 22:31 | Build | Town Center |
| 22:48 | Create | Villager (Male) ×2 |
| 22:52 | Create | Kamayuk |
| 22:52 | Create | Kamayuk |
| 23:05 | Create | Villager (Male) |
| 23:06 | Create | Villager (Male) |
| 23:09 | Build | Town Center |
| 23:12 | Create | Villager (Male) |
| 23:12 | Create | Villager (Male) |
| 23:22 | Build | Town Center |
| 23:26 | Build | Town Center |
| 23:29 | Create | Villager (Male) ×2 |
| 23:47 | Create | Villager (Male) ×2 |
| 23:51 | Build | Farm |
| 23:53 | Build | Farm |
| 24:03 | Create | Kamayuk |
| 24:03 | Create | Kamayuk |
| 24:13 | Create | Villager (Male) ×2 |
| 24:44 | Create | Villager (Male) |
| 24:48 | Build | Farm |
| 24:48 | Build | Farm |
| 24:48 | Build | Farm |
| 24:48 | Build | Farm |
| 24:48 | Build | Farm |
| 24:49 | Build | Farm |
| 24:52 | Create | Villager (Male) ×3 |
| 24:57 | Create | Villager (Male) |
| 25:09 | Build | Town Center |
| 25:11 | Create | Villager (Male) |
| 25:24 | Create | Villager (Male) ×2 |
| 25:28 | Build | Farm |
| 25:29 | Build | Farm |
Build order — tortodde
First 150 of 329 actions detected
| 0:01 | Create | Villager (Male) |
| 0:02 | Create | Villager (Male) |
| 0:02 | Create | Villager (Male) |
| 0:04 | Build | House |
| 0:21 | Build | House |
| 0:22 | Build | House |
| 0:24 | Build | House |
| 0:28 | Build | Mill |
| 0:31 | Create | Villager (Male) |
| 0:31 | Create | Villager (Male) |
| 1:28 | Create | Villager (Male) |
| 1:29 | Create | Villager (Male) |
| 2:02 | Create | Villager (Male) |
| 2:02 | Create | Villager (Male) |
| 2:29 | Create | Villager (Male) |
| 2:29 | Create | Villager (Male) |
| 2:48 | Create | Villager (Male) |
| 2:48 | Create | Villager (Male) |
| 3:17 | Create | Villager (Male) |
| 3:17 | Create | Villager (Male) |
| 3:29 | Create | Villager (Male) |
| 3:29 | Create | Villager (Male) |
| 3:43 | Create | Villager (Male) |
| 3:43 | Create | Villager (Male) |
| 4:04 | Create | Villager (Male) |
| 4:05 | Create | Villager (Male) |
| 4:16 | Create | Villager (Male) |
| 4:16 | Create | Villager (Male) |
| 4:41 | Create | Villager (Male) |
| 5:02 | Create | Villager (Male) |
| 5:56 | Create | Villager (Male) |
| 5:56 | Create | Villager (Male) |
| 6:15 | Build | Lumber Camp |
| 6:20 | Create | Villager (Male) |
| 6:38 | Create | Villager (Male) |
| 7:43 | Research | Loom |
| 7:45 | Research | Feudal Age |
| 8:23 | Build | House |
| 8:25 | Build | House |
| 8:27 | Build | House |
| 8:29 | Build | House |
| 8:41 | Build | Mining Camp |
| 8:43 | Create | Villager (Male) |
| 8:43 | Create | Villager (Male) |
| 9:08 | Create | Villager (Male) |
| 9:35 | Build | Mill |
| 9:49 | Create | Villager (Male) |
| 10:32 | Age | Feudal Age |
| 10:34 | Create | Villager (Male) |
| 10:40 | Research | Double-Bit Axe |
| 10:43 | Research | Horse Collar |
| 10:55 | Create | Villager (Male) |
| 11:11 | Build | Farm |
| 11:12 | Build | Farm |
| 11:13 | Build | Farm |
| 11:15 | Build | Farm |
| 11:17 | Build | Farm |
| 11:18 | Build | Farm |
| 11:19 | Build | Farm |
| 11:20 | Build | Farm |
| 11:22 | Create | Villager (Male) |
| 11:32 | Build | Farm |
| 12:00 | Create | Villager (Male) |
| 12:21 | Build | Blacksmith |
| 12:30 | Create | Villager (Male) |
| 13:15 | Build | Market |
| 14:10 | Research | Castle Age |
| 14:10 | Research | Castle Age |
| 14:20 | Build | Farm |
| 14:22 | Build | Farm |
| 14:23 | Build | Farm |
| 14:25 | Build | Farm |
| 14:36 | Build | Farm |
| 14:42 | Build | Farm |
| 14:46 | Build | Farm |
| 14:52 | Build | Farm |
| 14:55 | Create | Villager (Male) |
| 14:55 | Create | Villager (Male) |
| 14:56 | Create | Villager (Male) |
| 15:32 | Build | House |
| 15:34 | Build | House |
| 15:35 | Build | House |
| 15:36 | Build | House |
| 15:38 | Build | House |
| 15:47 | Build | House |
| 15:50 | Build | House |
| 15:52 | Build | House |
| 15:53 | Build | House |
| 15:55 | Build | House |
| 15:57 | Build | House |
| 16:01 | Create | Villager (Male) |
| 16:57 | Age | Castle Age |
| 17:13 | Create | Villager (Male) |
| 17:13 | Create | Villager (Male) |
| 17:13 | Create | Villager (Male) |
| 17:24 | Build | Town Center |
| 17:53 | Create | Villager (Male) |
| 18:07 | Build | Town Center |
| 18:11 | Create | Villager (Male) |
| 18:11 | Create | Villager (Male) |
| 18:12 | Create | Villager (Male) |
| 18:24 | Research | Bow Saw |
| 18:29 | Research | Heavy Plow |
| 18:36 | Create | Villager (Male) |
| 18:36 | Create | Villager (Male) |
| 18:45 | Research | Gold Mining |
| 19:07 | Create | Villager (Male) |
| 19:07 | Create | Villager (Male) |
| 19:09 | Create | Villager (Male) |
| 19:28 | Create | Villager (Male) |
| 19:29 | Create | Villager (Male) |
| 19:30 | Create | Villager (Male) |
| 19:41 | Build | Farm |
| 19:42 | Build | Farm |
| 19:43 | Build | Farm |
| 19:45 | Build | Farm |
| 19:47 | Build | Farm |
| 19:48 | Create | Villager (Male) |
| 19:48 | Create | Villager (Male) |
| 20:02 | Build | Farm |
| 20:07 | Build | Farm |
| 20:32 | Build | Barracks |
| 20:34 | Create | Villager (Male) |
| 20:36 | Create | Villager (Male) |
| 20:43 | Build | Farm |
| 20:45 | Build | Farm |
| 20:54 | Build | Farm |
| 20:57 | Create | Villager (Male) |
| 20:57 | Create | Villager (Male) |
| 20:57 | Create | Villager (Male) |
| 20:58 | Create | Villager (Male) |
| 21:02 | Create | Villager (Male) |
| 21:05 | Create | Villager (Male) |
| 21:21 | Create | Villager (Male) |
| 21:21 | Create | Villager (Male) |
| 21:35 | Build | Barracks |
| 21:40 | Create | Villager (Male) |
| 21:41 | Create | Villager (Male) |
| 21:42 | Create | Villager (Male) |
| 21:59 | Build | Farm |
| 22:01 | Build | Farm |
| 22:01 | Build | Farm |
| 22:03 | Build | Farm |
| 22:05 | Build | Farm |
| 22:06 | Build | Farm |
| 22:08 | Build | Farm |
| 22:10 | Build | Farm |
| 22:25 | Build | Siege Workshop |
| 22:30 | Research | Squires |
| 22:31 | Research | Squires |
Build order — LNZ
First 150 of 398 actions detected
| 0:01 | Create | Villager (Male) ×4 |
| 0:01 | Create | Villager (Male) ×4 |
| 0:02 | Build | House |
| 1:27 | Build | House |
| 1:36 | Create | Villager (Male) |
| 1:36 | Create | Villager (Male) |
| 1:46 | Build | House |
| 1:56 | Build | Lumber Camp |
| 2:06 | Create | Villager (Male) |
| 2:06 | Create | Villager (Male) |
| 2:35 | Create | Villager (Male) |
| 2:35 | Create | Villager (Male) |
| 3:21 | Create | Villager (Male) |
| 3:44 | Create | Villager (Male) |
| 4:09 | Research | Loom |
| 4:17 | Create | Villager (Male) |
| 4:17 | Create | Villager (Male) |
| 4:48 | Create | Villager (Male) |
| 5:03 | Create | Villager (Male) |
| 5:03 | Create | Villager (Male) |
| 5:31 | Create | Villager (Male) |
| 5:40 | Build | Mill |
| 5:47 | Create | Villager (Male) |
| 5:47 | Create | Villager (Male) |
| 6:00 | Build | House |
| 6:42 | Build | Mill |
| 6:52 | Create | Villager (Male) |
| 7:11 | Create | Villager (Male) |
| 7:24 | Build | Mill |
| 7:41 | Create | Villager (Male) |
| 7:41 | Create | Villager (Male) |
| 8:37 | Create | Villager (Male) |
| 9:08 | Create | Villager (Male) |
| 9:08 | Create | Villager (Male) |
| 9:12 | Build | House |
| 9:54 | Create | Villager (Male) |
| 9:58 | Build | Mining Camp |
| 10:13 | Create | Villager (Male) |
| 10:35 | Build | Mining Camp |
| 10:41 | Research | Feudal Age |
| 11:14 | Build | Barracks |
| 12:24 | Create | Villager (Male) |
| 12:24 | Create | Villager (Male) |
| 12:28 | Build | House |
| 12:58 | Age | Feudal Age |
| 13:01 | Build | Archery Range |
| 13:06 | Build | Blacksmith |
| 13:10 | Research | Double-Bit Axe |
| 13:37 | Create | Spearman |
| 13:53 | Build | Lumber Camp |
| 13:57 | Research | Castle Age |
| 14:00 | Create | Archer |
| 14:08 | Build | House |
| 14:32 | Create | Archer |
| 14:48 | Build | House |
| 15:12 | Research | Horse Collar |
| 15:19 | Create | Spearman |
| 15:31 | Create | Villager (Male) |
| 15:33 | Create | Archer |
| 15:33 | Create | Archer |
| 15:38 | Build | House |
| 16:37 | Age | Castle Age |
| 16:40 | Build | Town Center |
| 16:46 | Build | Town Center |
| 16:57 | Build | Monastery |
| 17:04 | Create | Villager (Male) |
| 17:05 | Create | Villager (Male) |
| 17:08 | Create | Archer |
| 17:45 | Create | Monk |
| 17:56 | Create | Spearman |
| 18:06 | Research | Bow Saw |
| 18:08 | Research | Heavy Plow |
| 18:08 | Research | Heavy Plow |
| 18:08 | Research | Heavy Plow |
| 18:10 | Create | Villager (Male) |
| 18:11 | Create | Villager (Male) |
| 18:18 | Build | Farm |
| 18:36 | Create | Monk |
| 18:40 | Create | Villager (Male) |
| 18:41 | Create | Villager (Male) |
| 18:49 | Build | Farm |
| 18:51 | Build | Farm |
| 18:59 | Create | Villager (Male) |
| 18:59 | Create | Villager (Male) |
| 19:02 | Build | Farm |
| 19:02 | Build | Farm |
| 19:02 | Build | Farm |
| 19:03 | Build | Farm |
| 19:09 | Build | Farm |
| 19:28 | Build | Farm |
| 19:28 | Build | Farm |
| 19:28 | Build | Farm |
| 19:28 | Build | Farm |
| 19:54 | Create | Villager (Male) |
| 19:54 | Create | Villager (Male) |
| 19:57 | Build | Farm |
| 19:58 | Build | Farm |
| 19:58 | Build | Farm |
| 20:08 | Create | Villager (Male) |
| 20:09 | Create | Villager (Male) |
| 20:14 | Build | Farm |
| 20:14 | Build | Farm |
| 20:14 | Build | Farm |
| 20:22 | Create | Villager (Male) |
| 20:22 | Create | Villager (Male) |
| 20:33 | Create | Villager (Male) |
| 20:33 | Create | Villager (Male) |
| 20:36 | Create | Monk |
| 20:42 | Build | Farm |
| 20:45 | Create | Villager (Male) |
| 20:45 | Create | Villager (Male) |
| 20:49 | Build | Farm |
| 20:53 | Build | Farm |
| 20:56 | Create | Villager (Male) |
| 20:56 | Create | Villager (Male) |
| 21:19 | Create | Villager (Male) |
| 21:20 | Create | Villager (Male) |
| 21:20 | Create | Villager (Male) |
| 21:38 | Create | Villager (Male) |
| 21:38 | Create | Villager (Male) |
| 21:41 | Build | Farm |
| 21:42 | Build | Farm |
| 21:46 | Create | Villager (Male) |
| 21:47 | Create | Villager (Male) |
| 21:51 | Create | Villager (Male) |
| 21:51 | Create | Villager (Male) |
| 22:03 | Create | Villager (Male) |
| 22:04 | Create | Villager (Male) |
| 22:18 | Build | Town Center |
| 22:20 | Create | Villager (Male) |
| 22:20 | Create | Villager (Male) |
| 22:23 | Build | House |
| 22:25 | Build | House |
| 22:45 | Create | Villager (Male) |
| 22:46 | Create | Villager (Male) |
| 22:57 | Build | Mill |
| 22:58 | Build | Farm |
| 22:58 | Build | Farm |
| 22:58 | Build | Farm |
| 23:09 | Build | Farm |
| 23:20 | Research | Wheelbarrow |
| 23:21 | Create | Villager (Male) |
| 23:21 | Create | Villager (Male) |
| 23:43 | Create | Villager (Male) |
| 23:47 | Build | House |
| 23:48 | Build | House |
| 23:50 | Build | House |
| 24:11 | Create | Villager (Male) |
| 24:11 | Create | Villager (Male) |
| 24:24 | Create | Villager (Male) |
Build order — LIGHTYRIX
First 150 of 373 actions detected
| 0:01 | Create | Villager (Male) |
| 0:02 | Create | Villager (Male) |
| 0:02 | Create | Villager (Male) |
| 0:04 | Build | House |
| 0:05 | Build | House |
| 0:06 | Create | Villager (Male) |
| 0:06 | Create | Villager (Male) ×3 |
| 1:25 | Create | Villager (Male) |
| 2:02 | Create | Villager (Male) |
| 2:14 | Create | Villager (Male) |
| 2:14 | Create | Villager (Male) |
| 2:48 | Create | Villager (Male) |
| 2:48 | Create | Villager (Male) |
| 3:03 | Create | Villager (Male) |
| 3:04 | Create | Villager (Male) |
| 3:26 | Create | Villager (Male) |
| 3:27 | Create | Villager (Male) |
| 3:29 | Build | House |
| 3:31 | Build | House |
| 3:53 | Create | Villager (Male) |
| 3:53 | Create | Villager (Male) |
| 3:53 | Create | Villager (Male) |
| 3:53 | Create | Villager (Male) |
| 3:53 | Create | Villager (Male) |
| 3:53 | Create | Villager (Male) |
| 3:53 | Create | Villager (Male) |
| 3:53 | Create | Villager (Male) |
| 3:53 | Create | Villager (Male) |
| 3:53 | Create | Villager (Male) |
| 3:53 | Create | Villager (Male) |
| 3:55 | Create | Villager (Male) |
| 3:55 | Create | Villager (Male) |
| 3:57 | Create | Villager (Male) |
| 3:57 | Create | Villager (Male) |
| 3:58 | Create | Villager (Male) |
| 3:58 | Create | Villager (Male) |
| 4:25 | Create | Villager (Male) ×2 |
| 4:26 | Create | Villager (Male) |
| 4:42 | Build | Mining Camp |
| 4:48 | Build | Mill |
| 4:53 | Create | Villager (Male) |
| 4:54 | Create | Villager (Male) |
| 5:28 | Create | Villager (Male) ×3 |
| 5:28 | Create | Villager (Male) ×3 |
| 6:50 | Create | Villager (Male) |
| 6:52 | Create | Villager (Male) |
| 6:52 | Create | Villager (Male) |
| 7:37 | Build | Lumber Camp |
| 8:15 | Create | Villager (Male) |
| 8:47 | Research | Feudal Age |
| 8:51 | Build | Mining Camp |
| 9:43 | Create | Villager (Male) |
| 9:43 | Create | Villager (Male) |
| 9:57 | Build | House |
| 10:00 | Build | Barracks |
| 10:57 | Age | Feudal Age |
| 11:00 | Build | Blacksmith |
| 11:39 | Build | Stable |
| 12:09 | Build | Mill |
| 12:36 | Research | Castle Age |
| 13:30 | Build | Mining Camp |
| 13:44 | Build | House |
| 13:49 | Research | Double-Bit Axe |
| 13:50 | Research | Horse Collar |
| 14:28 | Create | Villager (Male) |
| 15:16 | Age | Castle Age |
| 15:18 | Create | Knight |
| 15:18 | Create | Knight |
| 15:30 | Create | Villager (Male) |
| 15:33 | Build | Farm |
| 15:34 | Build | Farm |
| 15:39 | Create | Knight |
| 15:43 | Build | Farm |
| 15:43 | Build | Farm |
| 15:43 | Build | Farm |
| 15:44 | Build | Farm |
| 15:44 | Build | Farm |
| 15:44 | Build | Farm |
| 16:03 | Create | Knight |
| 16:05 | Create | Villager (Male) |
| 16:05 | Create | Villager (Male) |
| 16:25 | Build | Farm |
| 16:25 | Build | Farm |
| 16:25 | Build | Farm |
| 16:25 | Build | Farm |
| 16:26 | Build | Farm |
| 17:00 | Build | Farm |
| 17:00 | Build | Farm |
| 17:00 | Build | Farm |
| 17:00 | Build | Farm |
| 17:01 | Build | Farm |
| 17:49 | Create | Knight ×2 |
| 17:49 | Create | Knight ×2 |
| 17:49 | Create | Knight ×2 |
| 18:16 | Create | Villager (Male) |
| 18:16 | Create | Villager (Male) |
| 18:24 | Research | Loom |
| 18:35 | Create | Villager (Male) |
| 18:35 | Create | Villager (Male) |
| 18:50 | Build | Castle |
| 18:56 | Build | Castle |
| 19:06 | Create | Villager (Male) |
| 19:09 | Build | Farm |
| 19:09 | Build | Farm |
| 19:13 | Build | House |
| 19:14 | Build | House |
| 19:16 | Create | Villager (Male) |
| 19:17 | Create | Villager (Male) |
| 19:29 | Build | House |
| 19:31 | Build | House |
| 19:57 | Create | Villager (Male) |
| 20:08 | Build | Mining Camp |
| 20:10 | Create | Villager (Male) |
| 20:11 | Create | Villager (Male) |
| 20:48 | Create | Knight |
| 20:48 | Create | Knight |
| 20:52 | Create | Villager (Male) |
| 21:07 | Create | Villager (Male) |
| 21:37 | Create | Villager (Male) |
| 21:37 | Create | Villager (Male) |
| 21:47 | Create | Villager (Male) |
| 21:47 | Create | Villager (Male) |
| 21:54 | Build | Monastery |
| 22:15 | Create | Knight |
| 22:15 | Create | Knight |
| 22:28 | Create | Villager (Male) |
| 22:28 | Create | Villager (Male) |
| 22:42 | Create | Villager (Male) |
| 22:42 | Create | Villager (Male) |
| 23:00 | Create | Villager (Male) |
| 23:06 | Research | Bow Saw |
| 23:16 | Create | Villager (Male) |
| 23:17 | Create | Villager (Male) |
| 23:33 | Create | Monk |
| 23:46 | Create | Villager (Male) |
| 23:46 | Create | Villager (Male) |
| 23:56 | Create | Villager (Male) |
| 24:21 | Build | Castle |
| 24:34 | Create | Knight |
| 25:01 | Create | Villager (Male) |
| 25:02 | Create | Villager (Male) ×2 |
| 25:02 | Create | Villager (Male) |
| 25:11 | Create | Villager (Male) |
| 25:12 | Create | Villager (Male) |
| 25:33 | Create | Villager (Male) |
| 25:34 | Create | Villager (Male) |
| 26:30 | Create | Villager (Male) ×3 |
| 26:30 | Create | Villager (Male) ×3 |
| 26:46 | Create | Villager (Male) |
| 26:47 | Create | Villager (Male) |
Match timeline
| 9:25 | oZymandias · first_building Barracks |
| 10:00 | LIGHTYRIX · first_building Barracks |
| 10:11 | Timbor · age_up feudal |
| 10:31 | oZymandias · age_up feudal |
| 10:32 | tortodde · age_up feudal |
| 10:34 | oZymandias · first_building Stable |
| 10:39 | ExDictador Nicolas Maduro · age_up feudal |
| 10:57 | LIGHTYRIX · age_up feudal |
| 11:14 | LNZ · first_building Barracks |
| 11:39 | LIGHTYRIX · first_building Stable |
| 12:09 | Papi Neyskill · age_up feudal |
| 12:12 | Papi Neyskill · first_building Barracks |
| 12:34 | ExDictador Nicolas Maduro · first_building Barracks |
| 12:39 | Venom SJO · age_up feudal |
| 12:58 | LNZ · age_up feudal |
| 13:01 | LNZ · first_building Archery Range |
| 13:27 | Papi Neyskill · first_building Archery Range |
| 13:31 | Venom SJO · first_market_sell 100 wood |
| 13:33 | Venom SJO · first_market_buy 100 food |
| 15:11 | Timbor · age_up castle |
| 15:16 | LIGHTYRIX · age_up castle |
| 16:28 | Venom SJO · age_up castle |
| 16:29 | Papi Neyskill · age_up castle |
| 16:37 | LNZ · age_up castle |
| 16:51 | ExDictador Nicolas Maduro · age_up castle |
| 16:54 | Venom SJO · first_building Castle |
| 16:57 | tortodde · age_up castle |
| 16:57 | LNZ · first_building Monastery |
| 17:02 | Venom SJO · wall_segment Palisade Wall x1 |
| 17:11 | Venom SJO · wall_segment Palisade Wall x1 |
| 17:15 | Venom SJO · wall_segment Palisade Wall x1 |
| 17:19 | Venom SJO · wall_segment Palisade Wall x1 |
| 17:23 | Venom SJO · wall_segment Palisade Wall x1 |
| 17:24 | Venom SJO · wall_segment Palisade Wall x1 |
| 17:28 | Venom SJO · wall_segment Palisade Wall x1 |
| 17:38 | Venom SJO · wall_segment Palisade Wall x1 |
| 17:42 | ExDictador Nicolas Maduro · first_building Castle |
| 18:21 | oZymandias · wall_segment Stone Wall x16 |
| 18:40 | Venom SJO · first_building Barracks |
| 18:50 | LIGHTYRIX · first_building Castle |
| 18:51 | Papi Neyskill · first_building Castle |
| 19:11 | Venom SJO · wall_segment Stone Wall x4 |
| 20:04 | Venom SJO · wall_segment Stone Wall x4 |
| 20:32 | tortodde · first_building Barracks |
| 20:40 | oZymandias · wall_segment Stone Wall x6 |
| 21:54 | LIGHTYRIX · first_building Monastery |
| 22:25 | tortodde · first_building Siege Workshop |
| 22:40 | ExDictador Nicolas Maduro · first_building Siege Workshop |
| 22:46 | oZymandias · age_up castle |
| 23:45 | ExDictador Nicolas Maduro · first_market_buy 100 stone |
| 24:38 | tortodde · first_building Castle |
| 24:58 | Timbor · first_building Barracks |
| 25:06 | Venom SJO · wall_segment Stone Wall x4 |
| 25:43 | ExDictador Nicolas Maduro · first_building Monastery |
| 26:38 | Timbor · first_building Stable |
| 26:57 | oZymandias · wall_segment Stone Wall x9 |
| 27:00 | oZymandias · wall_segment Stone Wall x2 |
| 27:01 | oZymandias · wall_segment Stone Wall x5 |
| 27:02 | Timbor · first_building Castle |
| 27:26 | tortodde · first_building Monastery |
| 27:31 | Timbor · first_market_sell 100 stone |
| 28:01 | tortodde · first_market_sell 500 wood |
| 29:27 | oZymandias · first_building Castle |
| 30:26 | LNZ · age_up imperial |
| 30:51 | tortodde · first_market_buy 100 stone |
| 31:19 | tortodde · age_up imperial |
| 31:35 | ExDictador Nicolas Maduro · age_up imperial |
| 31:53 | Timbor · age_up imperial |
| 32:02 | Papi Neyskill · first_building Monastery |
| 33:04 | LIGHTYRIX · first_market_buy 100 wood |
| 33:17 | Papi Neyskill · wall_segment Stone Wall x9 |
| 33:19 | LNZ · first_building Siege Workshop |
| 33:20 | Papi Neyskill · wall_segment Stone Wall x6 |
| 33:28 | tortodde · first_building Archery Range |
| 33:48 | Papi Neyskill · wall_segment Stone Wall x7 |
| 34:16 | Papi Neyskill · wall_segment Stone Wall x1 |
| 34:18 | Papi Neyskill · wall_segment Stone Wall x1 |
| 34:31 | Papi Neyskill · age_up imperial |
| 35:40 | Papi Neyskill · wall_segment Stone Wall x1 |
| 35:45 | Papi Neyskill · wall_segment Stone Wall x1 |
| 35:46 | LNZ · first_building Castle |
| 35:51 | Papi Neyskill · wall_segment Stone Wall x1 |
| 36:16 | oZymandias · wall_segment Stone Wall x17 |
| 36:46 | Papi Neyskill · wall_segment Stone Wall x1 |
| 36:50 | Papi Neyskill · wall_segment Stone Wall x1 |
| 37:47 | oZymandias · first_market_sell 500 food |
| 38:07 | Papi Neyskill · wall_segment Stone Wall x1 |
| 38:18 | oZymandias · first_building Archery Range |
| 38:28 | Papi Neyskill · wall_segment Stone Wall x1 |
| 38:29 | oZymandias · age_up imperial |
| 39:02 | LIGHTYRIX · age_up imperial |
| 39:11 | LNZ · tribute_sent a jugador 1 |
| 39:11 | LNZ · tribute_sent a jugador 2 |
| 39:11 | LNZ · tribute_sent a jugador 3 |
| 39:11 | LNZ · tribute_sent a jugador 4 |
| 39:11 | LNZ · tribute_sent a jugador 5 |
| 39:11 | LNZ · tribute_sent a jugador 7 |
| 39:11 | LNZ · tribute_sent a jugador 8 |
| 40:29 | Papi Neyskill · wall_segment Stone Wall x2 |
| 41:31 | oZymandias · wall_segment Stone Wall x11 |
| 42:21 | Papi Neyskill · resign |
| 42:49 | Venom SJO · age_up imperial |
[ AI ANALYSIS · 1 CREDIT ]
What really happened in this match?
Wolo.gg analyzes every decision: build order, eco, micro, common mistakes by bracket. Personalized analysis on WhatsApp or Discord in 30 seconds.
Civ guide
Aztecs
Map guide
Arena
Perfil
Jugador #3591456